Map: Orbital Shipyard

Players

Trueogres

  • Race: Terran Terran
  • League: Gold

Grumm - Winner!

  • Race: Zerg Zerg
  • League: Gold

VOD

Have the link to the VOD?

Description

Time

  • Played on: Feb. 13, 2016, 1:23 p.m.
  • Length: 19:14
Show
View Real Time Build Order
Export as new Build Order

Trueogres Terran 

Build Orders:  

Get SALT Encoding   

  12  0:06  SCV  
  13  0:18  SCV  
  14  0:23  Supply Depot  
  14  0:30  SCV  
  15  0:44  SCV  
  15  0:46  Barracks  
  16  0:54  Refinery  
  16  0:56  SCV  
  17  1:09  SCV  
  18  1:21  SCV  
  19  1:33  SCV  
  20  1:44  Marine  
  20  1:46  Supply Depot  
  21  1:55  Orbital Command  
  21  2:02  Marine, Barracks  
  21  2:17  Factory  
  21  2:30  Command Center  
  21  2:38  Reaper  
  22  2:54  Barracks Reactor  
  22  3:06  Factory Tech Lab  
  22  3:13  Marine  
  23  3:23  Starport  
  22  3:36  Marine  
  23  3:44  Marine x2  
  25  3:49  Supply Depot  
  25  3:50  Supply Depot  
  25  3:54  Marine  
  26  4:01  Marine  
  26  4:02  Marine  
  28  4:16  Liberator  
  28  4:20  Marine x3  
  30  4:38  Marine x3  
  35  4:45  Refinery  
  36  4:55  Widow Mine  
  36  4:56  Marine x3  
  41  5:07  SCV  
  42  5:13  Marine x2  
  42  5:14  Marine, SCV  
  44  5:19  SCV  
  37  5:54  Marine x3  
  38  5:57  SCV x2  
  39  6:09  SCV x2  
  39  6:12  Marine x3  
  40  6:21  SCV x2  
  41  6:29  Marine  
  41  6:30  Marine x2  
  44  6:33  SCV x2  
  46  6:45  SCV x2  
  43  6:47  Marine x2  
  43  6:48  Marine  
  46  6:57  SCV x2  
  46  7:01  Siege Tank  
  51  7:05  Marine x3  
  54  7:10  SCV x2  
  56  7:22  SCV x2  
  57  7:23  Liberator, Marine x3  
  56  7:34  SCV x2  
  58  7:41  Marine  
  62  7:53  Marine  
  62  7:54  Marine  
  59  7:59  Marine  
  58  8:11  Marine  
  58  8:12  Marine  
  59  8:17  Reaper  
  54  8:29  Reaper  
  54  8:30  Marine  
  56  8:38  Liberator  
  50  8:47  Marine  
  42  8:48  Marine  
  42  8:54  Widow Mine  
  48  9:01  Marine  
  46  9:05  Marine  
  46  9:06  Marine  
  37  9:19  Marine  
  37  9:21  Liberator  
  37  9:23  Marine, Siege Tank  
  42  9:24  Marine  
  43  9:37  Marine  
  47  9:40  Command Center  
  47  9:41  Marine  
  47  9:42  Marine  
  48  9:54  Marine  
  48  9:59  Marine  
  50  10:00  Marine  
  51  10:11  Siege Tank  
  51  10:12  Marine  
  55  10:17  Marine  
  55  10:18  Marine  
  55  10:19  SCV  
  55  10:20  SCV  
  59  10:25  Refinery  
  59  10:26  Engineering Bay  
  59  10:30  Marine  
  59  10:32  SCV  
  59  10:34  Marine  
  62  10:51  Marine x2  
  62  10:52  Marine  
  65  11:06  SCV  
  65  11:09  Orbital Command, Marine x2  
  65  11:10  Marine  
  68  11:26  Marine x2  
  68  11:28  Marine  
  68  11:38  SCV x2  
  69  11:44  Marine x2  
  69  11:45  Starport Reactor  
  69  11:46  Marine  
  72  11:47  Siege Tank  
  72  11:50  SCV x2  
  72  11:51  Missile Turret  
  77  11:55  Missile Turret  
  77  12:05  Orbital Command  
  77  12:09  Supply Depot  
  77  12:21  Missile Turret  
  77  12:27  Liberator  
  77  12:31  Marine  
  77  12:36  Missile Turret  
  78  12:40  Missile Turret  
  80  12:45  Liberator  
  80  12:46  SCV  
  85  13:08  Refinery  
  85  13:15  Liberator  
  85  13:24  SCV x2  
  65  14:56  Marine x3  
  68  15:14  Reaper x3  
  66  15:46  Marine x3  
  67  16:03  Marine  
  67  16:04  Marine x2  
  62  16:21  Marine x2  
  52  16:39  Marine x2  
  45  16:57  Marine x2  
Show
View Real Time Build Order
Export as new Build Order

Grumm Zerg - Winner!

Build Orders: Pool First 

Get SALT Encoding   

  12  0:01  Drone  
  13  0:14  Overlord  
  13  0:17  Drone  
  14  0:32  Drone x2  
  16  0:36  Drone  
  17  0:47  Spawning Pool  
  17  0:49  Drone  
  17  1:00  Drone, Extractor  
  17  1:10  Drone  
  18  1:26  Hatchery  
  17  1:33  Drone  
  17  1:34  Queen  
  20  1:43  Drone x2  
  21  2:16  Hatchery  
  21  2:19  Zergling x4  
  22  2:32  Overlord  
  22  2:36  Spine Crawler  
  21  2:40  Drone, Roach Warren  
  21  2:46  Extractor  
  20  3:02  Drone  
  20  3:03  Drone x3  
  20  3:04  Drone  
  25  3:13  Spore Crawler  
  25  3:19  Spine Crawler  
  23  3:43  Drone  
  23  3:44  Drone x7  
  31  3:52  Overlord  
  30  4:10  Roach x2  
  30  4:11  Roach x2  
  38  4:36  Lair  
  38  4:40  Drone x10  
  47  4:58  Drone  
  48  5:00  Metabolic Boost  
  48  5:10  Extractor  
  48  5:12  Zergling x4  
  49  5:38  Roach  
  48  5:49  Spore Crawler  
  39  6:00  Spore Crawler  
  34  6:11  Spore Crawler  
  29  6:15  Roach x3  
  29  6:16  Queen, Roach x3  
  40  6:47  Roach  
  40  6:48  Roach x3  
  48  6:58  Drone  
  49  7:40  Overlord x3  
  49  7:58  Queen x2  
  53  8:09  Roach  
  53  8:10  Roach x10  
  73  8:19  Spore Crawler  
  72  8:20  Spore Crawler, Queen  
  73  8:29  Overlord  
  73  8:30  Overlord x3  
  56  9:17  Zergling x22  
  66  9:36  Spire  
  65  9:59  Glial Reconstitution  
  64  10:03  Evolution Chamber  
  64  10:04  Evolution Chamber  
  62  10:17  Pneumatized Carapace  
  62  10:21  Drone x7  
  63  10:22  Drone x8  
  63  10:25  Extractor  
  63  10:27  Extractor  
  75  10:35  Drone x3  
  70  11:42  Mutalisk x5  
  70  11:43  Mutalisk x8  
  70  11:45  Overlord x2  
  96  11:50  Drone  
  96  11:54  Zerg Missile Weapons Level 1  
  97  12:17  Corruptor x2  
  97  12:18  Corruptor  
  103  12:27  Drone  
  103  12:28  Drone x9  
  103  12:29  Overlord x3, Extractor  
  98  13:38  Mutalisk  
  98  13:39  Mutalisk x7  
  114  14:09  Mutalisk x2  
  108  14:18  Zergling x2, Roach  
  108  14:19  Zergling x28  
  123  14:47  Overseer  
  123  14:59  Overlord x2  
  123  15:00  Overlord  
  123  15:01  Roach  
  123  15:02  Roach x2  
  129  15:10  Hatchery  
  113  16:05  Roach  
  113  16:06  Roach x13  
  123  16:35  Roach x9  
  97  16:59  Roach  
  97  17:00  Roach x6  
  94  17:11  Drone x3  
  85  17:16  Spine Crawler  
  85  17:17  Spine Crawler  
  69  17:24  Mutalisk  
  69  17:25  Mutalisk x5  
  78  17:48  Roach x2  
Tags
 
Add a new tag
Caveats
  • Supply blocks, unpowered buildings, or Contaminate may cause inaccurate times.
  • Supply counts are checked every 10 seconds.